 Dungeon Crawl Stone Soup version 0.16-a0-326-g6f2d4d4 (webtiles) character file.

6443 PolkaDot the Summoner (level 10, 0/63 HPs)
             Began as a Vampire Summoner on Sept 4, 2014.
             Was the Champion of Sif Muna.
             Slain by a fire bat (2 damage)
             ... in a volcano.
             The game lasted 01:20:43 (12214 turns).

PolkaDot the Summoner (Vampire Summoner)           Turns: 12214, Time: 01:20:44

HP   0/63        AC  9     Str  7      XL: 10   Next: 67%
MP   9/20        EV 13     Int 23      God: Sif Muna [******]
Gold 771         SH  0     Dex 14      Spells:  5 memorised,  0 levels left

rFire  + + .     SeeInvis +     w - +0 trident (venom)
rCold  . . .     Clarity  .     F - +0 steam dragon armour
rNeg   + . .     rCorr    .     (no shield)
rPois  .         rRot     .     e - +2 helmet {Int+3}
rElec  .         Spirit   .     B - +0 cloak (curse)
SustAb .         Warding  +     (no gloves)
rMut   .         Stasis   .     (no boots)
Gourm  .                        l - amulet of warding
MR     +....                    p - ring of protection from fire
                                d - ring of protection from fire

@: very slightly contaminated, regenerating very quickly, hasted, very quick,
somewhat resistant to hostile enchantments, fairly stealthy
A: bottle blood, fangs 3, see invisible, unbreathing
a: Bottle Blood, Channel Energy, Forget Spell, Renounce Religion


You were in a volcano.
You worshipped Sif Muna.
Sif Muna was exalted by your worship.
You were almost alive.

You visited 2 branches of the dungeon, and saw 11 of its levels.
You also visited: Volcano.

You collected 771 gold pieces.

Inventory:

Hand weapons
 w - a +0 trident of venom (weapon)
Armour
 e - a +2 helmet of intelligence (worn)
 B - a cursed +0 cloak (worn)
 F - a +0 steam dragon armour (worn)
Magical devices
 o - a wand of fire (4)
 q - a wand of disintegration (8)
 r - a wand of digging (12)
 x - a wand of slowing (3)
 H - a wand of flame (15)
 M - a wand of confusion (3)
Scrolls
 g - a scroll of amnesia
 j - 4 scrolls of recharging
 k - 4 scrolls of remove curse
 t - a scroll of silence {unknown}
 v - a scroll of blinking {unknown}
 D - a scroll of enchant weapon {unknown}
 K - a scroll of summoning {unknown}
 N - a scroll of noise {unknown}
 P - a scroll of immolation {unknown}
Jewellery
 d - a ring of protection from fire (left hand)
 h - an uncursed amulet of resist mutation
 l - an amulet of warding (around neck)
 p - a ring of protection from fire (right hand)
Potions
 a - 5 potions of blood {@*1}
 m - 3 potions of flight
 u - a potion of restore abilities
 z - a potion of cancellation {unknown}
 C - a potion of might {unknown}
 G - 2 potions of cure mutation {unknown}
 J - a potion of confusion {unknown}
Books
 b - a book of Callings

   Spells                             Type                      Level
   Summon Small Mammal                Summoning                    1
   *Call Imp                          Summoning                    2
   *Call Canine Familiar              Summoning                    3
   *Summon Guardian Golem             Hexes/Summoning              4
   *Summon Lightning Spire            Summoning/Air                4
   *Summon Ice Beast                  Ice/Summoning                4
 I - a book of Minor Magic

   Spells                             Type                      Level
   Magic Dart                         Conjuration                  1
   Blink                              Translocation                2
   *Call Imp                          Summoning                    2
   Repel Missiles                     Charms/Air                   2
   Slow                               Hexes                        2
   Conjure Flame                      Conjuration/Fire             3
   Mephitic Cloud                     Conjuration/Poison/Air       3
Magical staves
 i - an uncursed staff of air


   Skills:
 - Level 3.1 Dodging
 - Level 4.5 Stealth
 - Level 4.1 Spellcasting
 * Level 7.7 Hexes
 - Level 12.2 Summonings
 - Level 8.0 Ice Magic
 + Level 1.8 Air Magic


You couldn't memorise any spells.
You knew the following spells:

 Your Spells              Type           Power        Failure   Level  Hunger
d - Call Canine Familiar  Summ           ######..     1%          3    ###....
g - Summon Guardian Gole  Hex/Summ       ######..     1%          4    ####...
i - Summon Ice Beast      Ice/Summ       ######..     1%          4    ####...
l - Summon Lightning Spi  Summ/Air       #####...     8%          4    ####...
s - Call Imp              Summ           ######..     1%          2    None


Dungeon Overview and Level Annotations

Branches:
Dungeon (10/15)            Temple (0/1) D:7             Orc (0/4) D:9
   Lair (1/8) D:10

Altars:
Ashenzari
Fedhas
Makhleb
Nemelex Xobeh
Okawaru
Qazlal
Sif Muna
Trog
Vehumet
Xom
Zin


Innate Abilities, Weirdness & Mutations

Your natural rate of healing is extremely fast.
You can bottle blood from corpses.
You have razor-sharp teeth.
You have supernaturally acute eyesight.
You can survive without breathing.


Message History

The lava snake spits lava!
The glob of lava hits your ice beast.
Your ice beast melts!
The fire bat bites you but does no damage.
Drink which item? (? for menu, Esc to quit)
Okay, then.
Evoke which item? (* to show all) (? for menu, Esc to quit)
Zapping:
q - a wand of disintegration {recharged}
Press: ? - help, Shift-Dir - straight line, f - fire bat
Aim: a fire bat The fire bat is blasted.
The fire bat closely misses you.
The lava snake spits lava!
The glob of lava hits your ice beast.
Your ice beast melts!
Evoke which item? (* to show all) (? for menu, Esc to quit)
Zapping:
q - a wand of disintegration {zapped: 1}
Press: ? - help, Shift-Dir - straight line, f/p - fire bat
Aim: a fire bat (heavily wounded)
The fire bat barely resists.
The fire bat bites you.
* * * LOW HITPOINT WARNING * * *
You are engulfed in flames.
You resist.
You die...

***************
*,*≈*,*≈*,**,∩**
**≈*≈*≈*≈*≈**,,,*
8*,*,*,*,*,**,_,*
,,*,*,*,*,*,*,,,*
,**≈*≈*≈*≈*,*,,,*
,**,*≈*≈*,*,*,,,*
,,*********,,,,###
*,,,,,,,,******#@#
********+* ###b#
*,* #..b# **,**
##...##
*8,8*##....Y##
*,,,##..≈S...##
**,,....≈≈S....#
*,,,..§≈≈≈S....##
*,,,.§§≈≈§§§S...##


You could see 2 fire bats, 4 lava snakes and a friendly ice beast.

Vanquished Creatures
  A hydra (D:8)
  An unseen horror (D:10)
  2 yaks
  A hippogriff (D:8)
  A phantom (D:5)
  A water moccasin (D:6)
  A crocodile (Lair:1)
  A centaur (D:9)
  A big kobold (D:8)
  2 giant frogs
  A troll skeleton (D:7)
  A wight (D:10)
  Dowan (D:6)
  A giant frog skeleton (D:10)
  A hound (D:7)
  4 worker ants
  3 orc wizards
  4 gnolls
  A shadow imp (D:5)
  7 adders
  A giant mite (D:4)
  2 worms (D:2)
  An adder skeleton (D:9)
  An iguana skeleton (D:4)
  6 orcs
  10 bats
  A bat skeleton (D:6)
  4 giant cockroaches
  14 goblins
  10 hobgoblins
  12 jackals
  2 ball pythons
  2 giant geckos (D:3)
  A giant gecko skeleton (D:7)
  4 giant newts
  A goblin skeleton (D:5)
  A hobgoblin skeleton (D:5)
  11 kobolds
  3 quokkas (D:5)
  A quokka skeleton (D:8)
  22 rats
146 creatures vanquished.

Vanquished Creatures (collateral kills)
  Joseph (D:10)
  A spiny frog (Lair:1)
  A komodo dragon (D:10)
  A troll (D:10)
  A two-headed ogre (D:9)
  A wyvern (D:10)
  A griffon skeleton (D:10)
  9 yaks
  A steam dragon (D:7)
  The ghost of Oper80 the Skirmisher, an average FoCK of Xom (D:7)
  A wolf (Lair:1)
  Edmund (D:5)
  A mottled dragon (D:10)
  3 orc warriors
  A sky beast (D:10)
  A porcupine (Lair:1)
  A black bear (D:7)
  An ice beast (D:7)
  A necrophage (D:9)
  3 phantoms
  5 ogres
  5 centaurs
  A crocodile (D:10)
  Duvessa (D:6)
  2 giant frogs
  5 big kobolds
  A scorpion (D:9)
  An eye of draining (D:10)
  4 wights (D:10)
  A quasit (D:8)
  3 electric eels
  A goliath beetle (D:6)
  2 crimson imps
  8 orc priests
  3 jellies
  3 hounds
  5 worker ants
  10 orc wizards
  5 iguanas
  3 sheep
  An ogre zombie (D:8)
  2 sky beast zombies
  Ijyb (D:6)
  Jessica (D:4)
  An ogre skeleton (D:6)
  Terence (D:2)
  A mummy (D:10)
  5 adders
  15 gnolls
  A giant mite (D:2)
  3 worms
  6 giant geckos
  2 oozes
  28 orcs
  A ball python (D:2)
  A giant cockroach (D:4)
  25 goblins
  29 hobgoblins
  5 jackals
  A quokka (D:5)
  4 bats
  7 kobolds
  3 rats
  A plant (D:8)
246 creatures vanquished.

Vanquished Creatures (others)
  A guardian golem (D:10)
  2 wargs
  10 wolves
  17 ice beasts
  10 hounds
  A crimson imp (D:7)
  A shadow imp (D:9)
  2 white imps
  A bat (D:1)
45 creatures vanquished.

Grand Total: 437 creatures vanquished

Notes
Turn   | Place    | Note
--------------------------------------------------------------
     0 | D:1      | PolkaDot, the Vampire Summoner, began the quest for the Orb.
     0 | D:1      | Reached XP level 1. HP: 13/13 MP: 3/3
   380 | D:1      | Reached XP level 2. HP: 2/19 MP: 1/4
   390 | D:1      | Learned a level 2 spell: Call Imp
  1077 | D:1      | Reached XP level 3. HP: 24/24 MP: 6/6
  1082 | D:1      | Learned a level 3 spell: Call Canine Familiar
  2057 | D:2      | Noticed Terence
  2091 | D:2      | Killed Terence
  2266 | D:2      | Reached XP level 4. HP: 30/30 MP: 8/8
  2927 | D:3      | Found a stormy altar of Qazlal.
  3199 | D:3      | Reached skill level 5 in Summonings
  3267 | D:3      | Reached XP level 5. HP: 22/35 MP: 1/9
  3913 | D:4      | Noticed Jessica
  3937 | D:4      | Killed Jessica
  3946 | D:4      | Found a deep blue altar of Sif Muna.
  4090 | D:4      | Got a crude war axe
  4091 | D:4      | Identified the +3 war axe of Leistez {chop, rC+ MR+} (You found it on level 4 of the Dungeon)
  4237 | D:4      | Reached skill level 6 in Summonings
  4280 | D:4      | Became a worshipper of Sif Muna the Loreminder
  4566 | D:4      | Reached XP level 6. HP: 33/41 MP: 0/11
  4677 | D:4      | Learned a level 4 spell: Summon Ice Beast
  5002 | D:4      | Found an iron altar of Okawaru.
  5007 | D:4      | Found a shimmering altar of Xom.
  5011 | D:4      | Found a blossoming altar of Fedhas.
  5178 | D:4      | Reached skill level 1 in Ice Magic
  5226 | D:5      | Entered Level 5 of the Dungeon
  5645 | D:5      | Noticed Edmund
  5660 | D:5      | Killed Edmund
  5887 | D:5      | Reached skill level 7 in Summonings
  5887 | D:5      | Reached XP level 7. HP: 43/46 MP: 2/12
  5890 | D:5      | Acquired Sif Muna's first power
  6475 | D:6      | Noticed Duvessa
  6475 | D:6      | Noticed Dowan
  6492 | D:6      | Killed Duvessa
  6512 | D:6      | Killed Dowan
  6962 | D:6      | Noticed Ijyb
  6982 | D:6      | Killed Ijyb
  7069 | D:6      | HP: 2/46 [poisoned by a water moccasin]
  7094 | D:6      | Reached skill level 5 in Ice Magic
  7263 | D:6      | Reached XP level 8. HP: 28/52 MP: 2/14
  7421 | D:6      | Acquired Sif Muna's second power
  7544 | D:6      | Reached skill level 8 in Summonings
  8733 | D:7      | Noticed Oper80's ghost (average FoCK)
  8783 | D:7      | Killed Oper80's ghost
  8903 | D:7      | Found a staircase to the Ecumenical Temple.
  9250 | D:8      | Reached XP level 9. HP: 41/57 MP: 2/15
  9322 | D:8      | Reached skill level 9 in Summonings
  9552 | D:8      | Found a radiant altar of Vehumet.
  9555 | D:8      | Found a sparkling altar of Nemelex Xobeh.
  9555 | D:8      | Found a bloodstained altar of Trog.
  9556 | D:8      | Found a shattered altar of Ashenzari.
  9557 | D:8      | Found a burning altar of Makhleb.
  9558 | D:8      | Found a glowing silver altar of Zin.
  9963 | D:8      | Noticed a two-headed hydra
  9993 | D:8      | Killed a hydra
  9993 | D:8      | Acquired Sif Muna's third power
  9993 | D:8      | Reached skill level 10 in Summonings
 10009 | D:8      | Learned a level 4 spell: Summon Guardian Golem
 10072 | D:9      | Reached skill level 1 in Hexes
 10417 | D:9      | Got a fine leather armour
 10418 | D:9      | Identified the cursed -2 leather armour "Obliaroe" {rC+ Str+3} (You found it on level 9 of the Dungeon)
 10527 | D:9      | Found a staircase to the Orcish Mines.
 10675 | D:9      | Reached skill level 11 in Summonings
 10746 | D:10     | Entered Level 10 of the Dungeon
 10801 | D:10     | Reached XP level 10. HP: 55/63 MP: 10/20
 10831 | D:10     | Noticed an unseen horror
 11009 | D:10     | Killed an unseen horror
 11206 | D:10     | Reached skill level 5 in Hexes
 11243 | D:10     | Noticed Joseph
 11252 | D:10     | Killed Joseph
 11608 | D:10     | Reached skill level 12 in Summonings
 11873 | D:10     | Noticed a komodo dragon
 11882 | D:10     | Found a staircase to the Lair.
 11887 | D:10     | Killed a komodo dragon
 11887 | D:10     | Received a gift from Sif Muna
 11888 | D:10     | Identified Sif Muna's Guide on Ice and Transmigration {god gift} (Sif Muna gifted it to you on level 10 of the Dungeon)
 11956 | D:10     | Learned a level 4 spell: Summon Lightning Spire
 11970 | Lair:1   | Entered Level 1 of the Lair of Beasts
 11970 | Lair:1   | Noticed a black mamba
 12034 | Lair:1   | Reached skill level 1 in Air Magic
 12064 | Lair:1   | Found a dark tunnel.
 12083 | Volcano  | Entered a volcano
 12205 | Volcano  | HP: 3/63 [fire bat (1)]
 12208 | Volcano  | HP: 1/63 [fire bat (1)]
 12214 | Volcano  | HP: 2/63 [fire bat (1)]
 12214 | Volcano  | Slain by a fire bat

Action                   |  1- 3 |  4- 6 |  7- 9 | 10-12 || total
-------------------------+-------+-------+-------+-------++-------
Melee: Dagger            |    34 |   251 |   303 |       ||   588
       Unarmed           |    16 |       |       |       ||    16
       Whip              |   144 |    77 |       |       ||   221
       War axe           |       |     5 |       |       ||     5
       Short sword       |       |       |    52 |    69 ||   121
       Trident           |       |       |       |    13 ||    13
 Cast: Summon Small Mamm |    15 |     2 |       |       ||    17
       Call Canine Famil |     5 |    16 |    33 |    13 ||    67
       Call Imp          |     4 |    22 |    17 |     1 ||    44
       Summon Ice Beast  |       |       |    90 |    43 ||   133
       Summon Guardian G |       |       |     2 |     3 ||     5
Invok: Channel Energy    |       |       |   199 |    93 ||   292
 Abil: Bottle Blood      |       |       |    57 |    24 ||    81
Evoke: Wand              |       |       |     4 |     4 ||     8
  Use: Potion            |     4 |     4 |    60 |    34 ||   102
       Scroll            |     6 |     1 |     8 |     5 ||    20
 Stab: Sleeping          |     3 |    12 |     6 |     5 ||    26
       Invisible         |       |     2 |       |       ||     2
       Distracted        |       |     3 |     8 |     1 ||    12
  Eat: Corpse            |    14 |    27 |    22 |       ||    63
